 Dungeon Crawl Stone Soup version 0.30-a0-793-g160f7cfddd (webtiles) character file.

Game seed: 5191565702499900893

46 cheesebisquit the Thaumaturge (level 3, 0/26 HPs)
             Began as a Gnoll Wanderer on Feb 20, 2023.
             Slain by Terence
             ... wielding a +0 hand axe
              (10 damage)
             ... on level 2 of the Dungeon.
             The game lasted 00:06:09 (1206 turns).

cheesebisquit the Thaumaturge (Gnoll Wanderer)      Turns: 1206, Time: 00:06:10

Health: 0/26       AC:  2    Str:  8    XL:     3   Next: 66%
Magic:  1/13       EV: 11    Int: 15    God:
Gold:   74         SH:  0    Dex: 12    Spells: 19/20 levels left

rFire   . . .      SeeInvis .    a - +2 falchion
rCold   . . .      Faith    .    (no shield)
rNeg    . . .      Spirit   .    d - +0 robe
rPois   .          Reflect  .    (no helmet)
rElec   .          Harm     .    (no cloak)
rCorr   .          Rampage  .    (no gloves)
Will    .....                    (no boots)
Stlth   ++                       (no amulet)
HPRegen 0.24/turn                (no ring)
MPRegen 0.13/turn                (no ring)

@: very slightly contaminated
A: fangs 1, strong nose, distributed training
a: no special abilities


You were on level 2 of the Dungeon.
You visited 1 branch of the dungeon, and saw 2 of its levels.

You collected 74 gold pieces.

Inventory:

Hand Weapons
 a - a +2 falchion (weapon)
 j - a +1 vampiric dagger
Armour
 d - a +0 robe (worn)
 k - a +0 plate armour
Scrolls
 c - 2 scrolls of teleportation
 f - a scroll of noise {unknown}
 h - a scroll of identify {unknown}
 i - 2 scrolls of immolation {unknown}
Potions
 g - a potion of flight {unknown}
Miscellaneous
 b - a piece from Xom's chessboard (15/15)


   Skills:
 + Level 1.0 Fighting
 + Level 1.0 Short Blades
 + Level 6.5 Long Blades
 + Level 1.0 Axes
 + Level 1.0 Maces & Flails
 + Level 1.0 Polearms
 + Level 1.0 Staves
 + Level 1.0 Ranged Weapons
 + Level 2.6 Throwing
 + Level 2.6 Armour
 + Level 1.0 Dodging
 + Level 1.0 Stealth
 + Level 1.0 Shields
 + Level 1.0 Unarmed Combat
 + Level 9.3 Spellcasting
 + Level 0.7 Conjurations
 + Level 0.7 Hexes
 + Level 0.7 Summonings
 + Level 0.7 Necromancy
 + Level 0.7 Translocations
 + Level 0.7 Transmutations
 + Level 0.7 Fire Magic
 + Level 0.7 Ice Magic
 + Level 0.7 Air Magic
 + Level 0.7 Earth Magic
 + Level 0.7 Poison Magic
 + Level 1.0 Invocations
 + Level 2.6 Evocations


You had 19 spell levels left.
You knew the following spells:

 Your Spells              Type           Power      Damage    Failure   Level
a - Necrotise             Necr           36%        1d5       8%          1

Your spell library contained the following spells:

 Spells                   Type           Power      Damage    Failure   Level
 Vampiric Draining        Necr           9%         2d6       24%         3


Dungeon Overview and Level Annotations

Branches:
Dungeon (2/15)

Altars:

Annotations:
D:2 Terence


Innate Abilities, Weirdness & Mutations

You have very sharp teeth.
Your uncanny sense of smell can sniff out nearby items.
Your experience applies equally to all skills.


Message History

Your Dodging skill increases to level 1!
Your Stealth skill increases to level 1!
Your Shields skill increases to level 1!
Your Unarmed Combat skill increases to level 1!
It was a potion of heal wounds.
You feel much better.
Your kobold skeleton hits Terence but does no damage.
Terence completely misses you.
Terence hits your quokka skeleton with a +0 hand axe!
Your quokka skeleton is destroyed!
Terence barely misses your kobold skeleton.
You hit Terence but do no damage. Your bite misses Terence.
Terence is moderately wounded.
Terence barely misses you.
Terence hits your kobold skeleton with a +0 hand axe.
Your kobold skeleton is destroyed!
You hit Terence but do no damage.
Terence is moderately wounded.
You barely miss Terence.
Terence is moderately wounded.
Terence barely misses you.
You hit Terence.
Terence is heavily wounded.
Terence screams, "I want your blood!" Terence closely misses you.
You hit Terence.
Terence is severely wounded.
Terence hits you with a +0 hand axe.
You hit Terence but do no damage.
Terence is severely wounded.
Terence hits you with a +0 hand axe!
You hit Terence but do no damage.
Terence is severely wounded.
Terence hits you with a +0 hand axe.
You hit Terence but do no damage.
Terence is severely wounded.
Terence misses you.
You barely miss Terence.
Terence is severely wounded.
Terence hits you with a +0 hand axe!
You die...

.#.#..##........#..#
.#..............#...
.#####.#........#..#
.# #...#.###..#..#
########...# #.#..#
...........## #.#).#
######..##..###.#..#
#..#........).#
#..#..#....@@##
#..#..#.............
#..#..#...........##
......#.....(.....#
#..##.#...........#
.. .......>......#
## #.#######.....#
#. .....#


You could see Terence.

Vanquished Creatures
  An adder (D:2)
  4 ball pythons (D:1)
  2 endoplasms (D:1)
  3 giant cockroaches
  3 goblins (D:1)
  3 hobgoblins (D:1)
  3 quokkas
  3 bats (D:1)
  2 frilled lizards
  6 kobolds
  A rat (D:1)
31 creatures vanquished.

Vanquished Creatures (collateral kills)
  An endoplasm (D:1)
1 creature vanquished.

Grand Total: 32 creatures vanquished

Notes
Turn   | Place    | Note
-------+----------+-------------------------------------------
     0 | D:1      | Reached skill level 9 in Spellcasting
     0 | D:1      | cheesebisquit the Gnoll Wanderer began the quest for the
                  | Orb.
     0 | D:1      | cheesebisquit set off with the following items: a +2
                  | falchion, a piece from Xom's chessboard (15/15), a scroll
                  | of teleportation, a +0 robe; and the following spell
                  | memorised: Necrotise; and the following spells available to
                  | memorise: Vampiric Draining.
     0 | D:1      | Reached XP level 1. HP: 13/13 MP: 10/10
   103 | D:1      | Reached XP level 2. HP: 5/19 MP: 1/12
   623 | D:1      | Reached XP level 3. HP: 25/25 MP: 9/13
  1034 | D:2      | Reached skill level 1 in Invocations
  1180 | D:2      | Noticed Terence
  1197 | D:2      | Reached skill level 1 in Fighting
  1197 | D:2      | Reached skill level 1 in Short Blades
  1197 | D:2      | Reached skill level 1 in Axes
  1197 | D:2      | Reached skill level 1 in Maces & Flails
  1197 | D:2      | Reached skill level 1 in Polearms
  1197 | D:2      | Reached skill level 1 in Staves
  1197 | D:2      | Reached skill level 1 in Ranged Weapons
  1197 | D:2      | Reached skill level 1 in Dodging
  1197 | D:2      | Reached skill level 1 in Stealth
  1197 | D:2      | Reached skill level 1 in Shields
  1197 | D:2      | Reached skill level 1 in Unarmed Combat
  1206 | D:2      | Slain by Terence

Illustrated notes

Levels and vault maps discovered:
D:1:      dpeg_arrival_boxes_within_box, layout_rooms,
          chequers_serial_rivers_marsh, minmay_misc_feat_chi, minmay_vboxes
D:2:      layout_basic, serial_shops, shop_fountains, uniq_terence

Skill      XL: |  1  2  3 |
---------------+----------+-----
Spellcasting   | |  9.3
Invocations    | 1 |  1.0
Fighting       | 1 |  1.0
Short Blades   | 1 |  1.0
Axes           | 1 |  1.0
Maces & Flails | 1 |  1.0
Polearms       | 1 |  1.0
Staves         | 1 |  1.0
Ranged Weapons | 1 |  1.0
Dodging        | 1 |  1.0
Stealth        | 1 |  1.0
Shields        | 1 |  1.0
Unarmed Combat | 1 |  1.0
Long Blades    | |  6.5
Throwing       | |  2.6
Armour         | |  2.6
Conjurations   | |  0.7
Hexes          | |  0.7
Summonings     | |  0.7
Necromancy     | |  0.7
Translocations | |  0.7
Transmutations | |  0.7
Fire Magic     | |  0.7
Ice Magic      | |  0.7
Air Magic      | |  0.7
Earth Magic    | |  0.7
Poison Magic   | |  0.7
Evocations     | |  2.6

Action                     || total
---------------------------++-------
  Melee: Falchion          ||    22
         Bite              ||     1
   Cast: Necrotise         ||    80
    Use: Potion            ||     1
 Armour: Robe              ||     9
  Dodge: Dodged            ||    37

Table legend: (Time is in decaauts)
 A = Elapsed time spent in this place.
 B = Non-inter-level travel time spent in this place.
 C = Inter-level travel time spent in this place.
 D = Time resting spent in this place.
 E = Time spent auto-exploring this place.
 F = Levels seen in this place.
 G = Mean time per level.
                   A        B        C        D        E       F      G
               +--------+--------+--------+--------+--------+-----+--------+
         Total |   1209 |   1179 |     30 |      0 |    975 |   2 |  604.5 |
       Dungeon |   1209 |   1179 |     30 |      0 |    975 |   2 |  604.5 |
               +--------+--------+--------+--------+--------+-----+--------+

Top non-repeatable levels by time:
     D:1: 947 daAuts
     D:2: 261 daAuts
